 Dungeon Crawl Stone Soup version 0.29-a0-512-gf59ac788ac (webtiles) character file.

Game seed: 1469004821286042391

123 Oddst4r the Cudgeller (level 5, 0/41 HPs)
             Began as a Human Berserker on May 29, 2022.
             Was a Believer of Trog.
             Slain by Crazy Yiuf
             ... wielding a +2 quarterstaff of chaos
              (1 damage)
             ... while paralysed by Crazy Yiuf
             ... on level 2 of the Dungeon.
             The game lasted 00:21:54 (2486 turns).

Oddst4r the Cudgeller (Human Berserker)             Turns: 2486, Time: 00:21:55

Health: 0/41       AC:  9    Str: 20    XL:     5   Next: 29%
Magic:  5/5        EV:  2    Int:  7    God:    Trog [**....]
Gold:   187        SH:  0    Dex: 12    Spells: 4/4 levels left

rFire   . . .      SeeInvis .   k - +0 hand axe (freeze)
rCold   . . .      Faith    .   (no shield)
rNeg    . . .      Spirit   .   t - +0 chain mail
rPois   .          Reflect  .   n - +0 helmet
rElec   .          Harm     .   (no cloak)
rCorr   +          Rampage  .   (no gloves)
Will    .....                   (no boots)
Stlth   ..........              (no amulet)
HPRegen 0.13/turn               f - ring of resist corrosion
MPRegen 0.09/turn               (no ring)

@: paralysed
A: no striking features
a: Renounce Religion, Berserk, Trog's Hand


You were on level 2 of the Dungeon.
You worshipped Trog.
Trog was pleased with you.
You visited 1 branch of the dungeon, and saw 2 of its levels.

You collected 187 gold pieces.

Inventory:

Hand Weapons
 k - a +0 hand axe of freezing (weapon)
 p - a +1 short sword of draining
Armour
 n - a +0 helmet (worn)
 t - a +0 chain mail (worn)
Jewellery
 f - a ring of resist corrosion (left hand)
 m - a ring of protection from cold
Scrolls
 a - a scroll of vulnerability {unknown}
 b - a scroll of immolation {unknown}
 c - 3 scrolls of identify {unknown}
 g - 3 scrolls of fog {unknown}
 i - a scroll of enchant weapon {unknown}
 q - a scroll of amnesia {unknown}
 r - 2 scrolls of poison {unknown}
Potions
 d - a potion of mutation {unknown}
 e - a potion of flight {unknown}
 h - 2 potions of curing {unknown}
 j - a potion of invisibility {unknown}
 o - a potion of attraction {unknown}
 s - a potion of haste {unknown}


   Skills:
 + Level 3.5 Fighting
 + Level 2.3(3.4) Axes
 + Level 3.7(4.1) Maces & Flails
 + Level 2.4 Armour
 + Level 2.4 Dodging
 + Level 0.7 Stealth


You had 4 spell levels left.
You didn't know any spells.
Your spell library contained the following spells:

 Spells                   Type           Power      Damage    Failure   Level
 Beastly Appendage        Tmut           0%         N/A       99%         1
 Static Discharge         Conj/Air       0%         N/A       100%        2
 Wereblood                Tmut           0%         N/A       100%        2
 Spider Form              Tmut/Pois      0%         N/A       100%        3
 Fulminant Prism          Conj/Hex       0%         3d6       100%        4
 Iskenderun's Mystic Bla  Conj/Tloc      0%         2d3       100%        4
 Lee's Rapid Deconstruct  Erth           0%         3d5*      100%        5
 Lightning Bolt           Conj/Air       0%         1d11      100%        5
 Maxwell's Capacitive Co  Air            0%         ∞         100%        8


Dungeon Overview and Level Annotations

Branches:
Dungeon (2/15)

Altars:
Ru

Annotations:
D:2 Crazy Yiuf


Message History

The goblin hits you but does no damage.
You closely miss the goblin.
The goblin hits you but does no damage. x2
You barely miss the goblin. The goblin closely misses you.
You barely miss the goblin. The goblin hits you but does no damage.
You hit the goblin. You freeze the goblin.
You kill the goblin!
Trog accepts your kill.
You see here a +0 dagger.
You see here a +0 dagger.
There is an open door here.
There is an open door here.
Found a mace.
Found a runed translucent door.
Crazy Yiuf shouts!
Crazy Yiuf says, "Tonal water infinity!"
You start resting.
HP restored.
Crazy Yiuf shouts!
You open the door. Crazy Yiuf closely misses you.
There is an open translucent door here.
You hit Crazy Yiuf. You freeze Crazy Yiuf.
Crazy Yiuf is moderately wounded.
Crazy Yiuf hits you with a +2 quarterstaff of chaos!
Crazy Yiuf freezes you.
You hit Crazy Yiuf. You freeze Crazy Yiuf.
Crazy Yiuf is heavily wounded.
Crazy Yiuf yells, "Race green sanguine!"
Crazy Yiuf hits you with a +2 quarterstaff of chaos!
You suddenly lose the ability to move!
Crazy Yiuf grits, "Mountain rumpyflump disdain!"
Crazy Yiuf hits you with a +2 quarterstaff of chaos.
Crazy Yiuf hits you with a +2 quarterstaff of chaos!
* * * LOW HITPOINT WARNING * * *
Crazy Yiuf sings, "Trees, trees, trees, circus!"
Crazy Yiuf hits you with a +2 quarterstaff of chaos!
* * * LOW HITPOINT WARNING * * *
Crazy Yiuf freezes you.
* * * LOW HITPOINT WARNING * * *
Crazy Yiuf hits you with a +2 quarterstaff of chaos.
You die...

...#######.# #.#
#.......#..#
.....#
#.####.........##
####.#
#....'.......###
#.#
##########.[.#
#.## #...#
#..###♣♣♣♣♣ #...#
##.##...♣.♣♣♣
#### #...#
#.......♣..♣#...#
#...#
#.....P♣♣♣♣.@g..#
##### ##.#..♣♣
♣♣#..)# ####♣♣
####


You could see Crazy Yiuf.

Vanquished Creatures
  Robin (D:2)
  3 gnolls (D:2)
  An adder (D:2)
  2 worms (D:2)
  2 dart slugs
  7 endoplasms
  A giant cockroach (D:1)
  15 goblins
  9 hobgoblins
  2 quokkas (D:1)
  3 ball pythons
  4 bats
  4 kobolds
  8 rats
62 creatures vanquished.

Vanquished Creatures (others)
  A fungus (D:2)
1 creature vanquished.

Grand Total: 63 creatures vanquished

Notes
Turn   | Place    | Note
-------+----------+-------------------------------------------
     0 | D:1      | Oddst4r the Human Berserker began the quest for the Orb.
     0 | D:1      | Reached XP level 1. HP: 18/18 MP: 1/1
   167 | D:1      | Reached XP level 2. HP: 22/24 MP: 2/2
   660 | D:1      | Reached XP level 3. HP: 15/29 MP: 3/3
   687 | D:1      | Reached ** piety under Trog
  1243 | D:1      | Upgraded the game from 0.29-a0-506-ga2e7fffb44 to
                  | 0.29-a0-512-gf59ac788ac
  1431 | D:2      | Noticed Robin
  1435 | D:2      | Killed Robin
  1436 | D:2      | Reached skill level 1 in Axes
  1436 | D:2      | Reached XP level 4. HP: 35/35 MP: 4/4
  1693 | D:2      | Found a faded altar of an unknown god.
  1905 | D:2      | Reached XP level 5. HP: 9/41 MP: 5/5
  2187 | D:2      | Found a sacrificial altar of Ru.
  2347 | D:2      | Found a runed translucent door.
  2348 | D:2      | Noticed Crazy Yiuf
  2482 | D:2      | Paralysed by Crazy Yiuf for 5 turns
  2485 | D:2      | HP: 1/41 [Crazy Yiuf/+2 quarterstaff of chaos (3)]
  2486 | D:2      | Slain by Crazy Yiuf

Illustrated notes

Levels and vault maps discovered:
D:1:      dpeg_arrival_simpleton_a, layout_basic
D:2:      layout_basic, basic_altar, basic_ecumenical_altar, serial_shops,
          nicolae_shop_trees, uniq_crazy_yiuf_cottage, uniq_robin

Skill      XL: |  1  2  3  4  5 |
---------------+----------------+-----
Axes           | 1 2 |  2.3
Fighting       | |  3.5
Maces & Flails | |  3.7
Armour         | |  2.4
Dodging        | |  2.4
Stealth        | |  0.7

Action                   |  1- 3 |  4- 6 || total
-------------------------+-------+-------++-------
Melee: Mace              |    25 |       ||    25
       Hand axe          |    61 |    84 ||   145
       Punch             |     1 |     3 ||     4
Invok: Berserk           |     2 |     1 ||     3
 Stab: Sleeping          |     1 |       ||     1
Armor: Animal skin       |     3 |       ||     3
       Ring mail         |    17 |    21 ||    38
       Chain mail        |       |    12 ||    12
Dodge: Dodged            |    49 |    51 ||   100

Table legend: (Time is in decaauts)
 A = Elapsed time spent in this place.
 B = Non-inter-level travel time spent in this place.
 C = Inter-level travel time spent in this place.
 D = Time resting spent in this place.
 E = Time spent auto-exploring this place.
 F = Levels seen in this place.
 G = Mean time per level.
                   A        B        C        D        E       F      G
               +--------+--------+--------+--------+--------+-----+--------+
         Total |   2545 |   2545 |      0 |    747 |      0 |   2 | 1272.5 |
       Dungeon |   2545 |   2545 |      0 |    747 |      0 |   2 | 1272.5 |
               +--------+--------+--------+--------+--------+-----+--------+

Top non-repeatable levels by time:
     D:1: 1455 daAuts
     D:2: 1089 daAuts
